 Dungeon Crawl Stone Soup version 0.29.1-4-g47bece8355 (webtiles) character file.

Game seed: 16052379881749610860

410 AarnesTheHuman the Shooter (level 7, -6/57 HPs)
             Began as a Formicid Hunter on Dec 9, 2022.
             Was an Initiate of Makhleb.
             Mangled by Duvessa
             ... wielding a +0 short sword
              (11 damage)
             ... on level 4 of the Dungeon.
             The game lasted 00:04:52 (3825 turns).

AarnesTheHuman the Shooter (Formicid Hunter)        Turns: 3825, Time: 00:04:53

Health: -6/57      AC:  4    Str: 28    XL:     7   Next: 13%
Magic:  7/7        EV: 12    Int:  6    God:    Makhleb [......]
Gold:   139        SH:  0    Dex: 19    Spells: 6/6 levels left

rFire   + . .      SeeInvis +   a - +0 shortbow (flame)
rCold   . . .      Faith    .   (no shield)
rNeg    . . .      Spirit   .   q - +1 leather armour of Okawaru {-Cast Str+4 Dex+2}
rPois   .          Reflect  .   (helmet unavailable)
rElec   .          Harm     .   (no cloak)
rCorr   .          Rampage  .   (no gloves)
Will    .....      NoCast   +   (no boots)
Stlth   ++........              (no amulet)
HPRegen 0.19/turn               o - ring of protection from fire
MPRegen 0.10/turn               (no ring)

@: no status effects
A: permanent stasis, dig shafts and tunnels, antennae 3, four strong arms,
strong 2, wild magic 2
a: Dig, Shaft Self, Renounce Religion


You were on level 4 of the Dungeon.
You worshipped Makhleb.
Makhleb was noncommittal.
You visited 2 branches of the dungeon, and saw 5 of its levels.

You collected 165 gold pieces.
You spent 26 gold pieces at shops.

Inventory:

Hand Weapons
 a - a +0 shortbow of flaming (weapon)
 h - a +2 short sword of freezing
Missiles
 j - 9 poisoned darts
 p - a throwing net
Armour
 c - a +1 leather armour
 q - the +1 leather armour of Okawaru (worn) {-Cast Str+4 Dex+2}
   (You found it on level 3 of the Dungeon)

   Str:       It affects your strength (+4).
   Dex:       It affects your dexterity (+2).
   -Cast:     It prevents spellcasting.
Magical Staves
 i - a staff of fire
Jewellery
 o - a ring of protection from fire (left hand)
Wands
 t - a wand of light (7)
Scrolls
 b - a scroll of immolation
 d - 2 scrolls of enchant armour
 g - 2 scrolls of identify
 l - a scroll of fear
 n - a scroll of amnesia {unknown}
 r - a scroll of brand weapon
 s - a scroll of silence {unknown}
Potions
 e - 2 potions of flight
 f - 2 potions of brilliance
 k - 3 potions of lignification


   Skills:
 + Level 5.7 Fighting
 + Level 6.3 Ranged Weapons
 - Level 1.7 Dodging
 - Level 1.2 Stealth
 + Level 0.0 Invocations


You had 6 spell levels left.
You didn't know any spells.
Your spell library contained the following spells:

 Spells                   Type           Power      Damage    Failure   Level
 Sting                    Tmut/Pois      0%         1d3       67%         1
 Poisonous Vapours        Pois/Air       0%         N/A       78%         2
 Scorch                   Fire           0%         2d5       78%         2
 Flame Wave               Conj/Fire      0%         2d4       100%        4
 Olgreb's Toxic Radiance  Pois           0%         N/A       100%        4
 Summon Cactus Giant      Summ           0%         N/A       100%        6


Dungeon Overview and Level Annotations

Branches:
Dungeon (4/15)             Temple (1/1) D:4

Altars:
Cheibriados
Dithmenos
Elyvilon
Makhleb
Nemelex Xobeh
Uskayaw
Yredelemnul
Zin
Lugonu

Shops:
D:3 ?   D:4 *

Annotations:
D:4 Duvessa


Innate Abilities, Weirdness & Mutations

You cannot be hasted, slowed, berserked, paralysed or teleported.
You can dig through walls and to a lower floor.
You have a pair of large antennae on your head. (SInv)
Your four strong arms can wield two-handed weapons with a shield.
Your muscles are very strong. (Str +8, Int/Dex -2)
Your spells are harder to cast, but more powerful.


Message History

Duvessa hits you with a +0 short sword. Duvessa closely misses you.
Fire: a) +0 shortbow (flame)
Press: ? - help, Q - select action, (/) - cycle Shift-Dir - straight line, f/p - Duvessa
Aim: Duvessa, wielding a +0 short sword and wearing a +0 chain mail (moderately wounded, berserk, blind, 76% to hit)
You shoot an arrow. The arrow barely misses Duvessa.
Duvessa hits you but does no damage.
Fire: a) +0 shortbow (flame)
Press: ? - help, Q - select action, (/) - cycle Shift-Dir - straight line, f/p - Duvessa
Aim: Duvessa, wielding a +0 short sword and wearing a +0 chain mail (moderately wounded, berserk, blind, 76% to hit)
You shoot an arrow. The arrow hits Duvessa.
The arrow burns Duvessa.
Duvessa is moderately wounded.
Duvessa misses you. Duvessa barely misses you.
Fire: a) +0 shortbow (flame)
Press: ? - help, Q - select action, (/) - cycle Shift-Dir - straight line, f/p - Duvessa
Aim: Duvessa, wielding a +0 short sword and wearing a +0 chain mail (moderately wounded, berserk, blind, 76% to hit)
You shoot an arrow. The arrow barely misses Duvessa.
Duvessa hits you with a +0 short sword! Duvessa misses you.
Fire: a) +0 shortbow (flame)
Press: ? - help, Q - select action, (/) - cycle Shift-Dir - straight line, f/p - Duvessa
Aim: Duvessa, wielding a +0 short sword and wearing a +0 chain mail (moderately wounded, berserk, blind, 76% to hit)
You shoot an arrow. The arrow hits Duvessa.
The arrow burns Duvessa.
Duvessa is heavily wounded.
Duvessa closely misses you. Duvessa hits you with a +0 short sword.
Fire: a) +0 shortbow (flame)
Press: ? - help, Q - select action, (/) - cycle Shift-Dir - straight line, f/p - Duvessa
Aim: Duvessa, wielding a +0 short sword and wearing a +0 chain mail (heavily wounded, berserk, blind, 76% to hit)
You shoot an arrow. The arrow barely misses Duvessa.
Duvessa hits you with a +0 short sword!
* * * LOW HITPOINT WARNING * * *
Duvessa hits you with a +0 short sword!
* * * LOW HITPOINT WARNING * * *
You feel better. Duvessa barely misses you.
Aiming: Bolt of Light
Press: ? - help, Shift-Dir - straight line, f/p - Duvessa
Aim: Duvessa, wielding a +0 short sword and wearing a +0 chain mail (heavily wounded, berserk, blind, 83% to hit)
The bolt of light misses Duvessa.
Duvessa is no longer blind.
Duvessa hits you with a +0 short sword.
* * * LOW HITPOINT WARNING * * *
Duvessa hits you with a +0 short sword!
You die...

## .. #. #. #. ######.
######
......e############.....
####
#..@............##..
...#
##.############.##..
##.# ... #..... #.# ####
##....> #.# #...... ##.#
#..##.. #.∩#######
#..##.. ))........
#...... ##.#######
#.###..


You could see Duvessa (berserk).

Vanquished Creatures
  3 scorpions (D:4)
  Dowan (D:4)
  2 hounds (D:4)
  7 adders
  A worm (D:3)
  4 orcs (D:3)
  4 bats
  5 endoplasms
  3 giant cockroaches
  10 goblins
  5 hobgoblins
  5 ball pythons
  4 frilled lizards
  10 kobolds
  11 rats
75 creatures vanquished.

Notes
Turn   | Place    | Note
-------+----------+-------------------------------------------
     0 | D:1      | AarnesTheHuman the Formicid Hunter began the quest for the
                  | Orb.
     0 | D:1      | Reached XP level 1. HP: 16/16 MP: 1/1
   165 | D:1      | Reached XP level 2. HP: 23/23 MP: 2/2
   936 | D:2      | Reached XP level 3. HP: 29/29 MP: 3/3
  1064 | D:2      | Reached XP level 4. HP: 29/35 MP: 4/4
  1248 | D:2      | Found a faded altar of an unknown god.
  1551 | D:3      | Found a white marble altar of Elyvilon.
  1703 | D:3      | Reached skill level 5 in Ranged Weapons
  1925 | D:3      | Reached XP level 5. HP: 42/42 MP: 5/5
  2212 | D:3      | Identified the +1 leather armour of Okawaru {-Cast Str+4
                  | Dex+2}
  2266 | D:3      | Found Yqycwy's Magic Scroll Emporium.
  2275 | D:3      | Bought a scroll of identify for 26 gold pieces
  2432 | D:4      | HP: 1/42 [scorpion (6)]
  2707 | D:4      | Reached XP level 6. HP: 50/50 MP: 6/6
  2758 | D:4      | Found Cofunuq's General Store.
  2808 | D:4      | Reached skill level 5 in Fighting
  2858 | D:4      | Gained mutation: You are clumsy. (Dex -2) [potion of
                  | mutation]
  2859 | D:4      | Lost mutation: You are clumsy. (Dex -2) [potion of
                  | mutation]
  2859 | D:4      | Gained mutation: Your spells are a little harder to cast,
                  | but a little more powerful. [potion of mutation]
  2859 | D:4      | Gained mutation: Your spells are harder to cast, but more
                  | powerful. [potion of mutation]
  2859 | D:4      | Gained mutation: Your muscles are strong. (Str +4, Int/Dex
                  | -1) [potion of mutation]
  2859 | D:4      | Gained mutation: Your muscles are very strong. (Str +8,
                  | Int/Dex -2) [potion of mutation]
  3040 | D:4      | Reached skill level 6 in Ranged Weapons
  3288 | D:4      | Reached XP level 7. HP: 56/56 MP: 7/7
  3470 | D:4      | Found a staircase to the Ecumenical Temple.
  3471 | D:4      | Noticed Dowan
  3472 | D:4      | Noticed Duvessa
  3484 | D:4      | Killed Dowan
  3738 | Temple   | Entered the Ecumenical Temple
  3781 | Temple   | Became a worshipper of Makhleb the Destroyer
  3823 | D:4      | HP: 2/57 [Duvessa/+0 short sword (10)]
  3825 | D:4      | Mangled by Duvessa

Illustrated notes

Levels and vault maps discovered:
D:1:      heliophobic_arrival_henge, layout_basic
D:2:      layout_rooms, nicolae_ecumenical_pavilion
D:3:      layout_loops_ring, elyvilon_altar_4, serial_shops,
          nicolae_lakefront_shop, minmay_misc_feat_chi, chequers_garden
D:4:      layout_loops_ring, kennysheep_mini_moat,
          minmay_temple_entry_stoned_glass, serial_shops, shop,
          grunt_ministairs_11, hangedman_abyss_or_decor_lesser_grid,
          minmay_misc_feat_more_columns, uniq_duvessa
Temple:   corrupted_temple

Skill      XL: |  1  2  3  4  5  6 |
---------------+-------------------+-----
Fighting       | 3 4 5 |  5.7
Ranged Weapons | 5 6 |  6.3
Dodging        | |  1.7
Stealth        | |  1.2

Action                   |  1- 3 |  4- 6 |  7- 9 || total
-------------------------+-------+-------+-------++-------
 Fire: Shortbow          |    65 |   125 |    27 ||   217
Throw: Dart              |       |     1 |       ||     1
Evoke: Wand              |       |       |     2 ||     2
  Use: Scroll            |       |     9 |       ||     9
       Potion            |       |     3 |     1 ||     4
Armor: Leather armour    |     2 |    14 |     3 ||    19
Dodge: Dodged            |     5 |    37 |    14 ||    56
